 Dungeon Crawl Stone Soup version 0.30.1-9-gdf580d7c3d (webtiles) character file.

Game seed: 12464644912115625244

93 monsoonserge the Grasshopper (level 4, 0/34 HPs)
             Began as a Demonspawn Warper on Oct 18, 2023.
             Slain by a kobold brigand
             ... wielding a +2 short sword of speed
              (6 damage)
             ... in a sewer.
             The game lasted 00:07:30 (2001 turns).

monsoonserge the Grasshopper (Demonspawn Warper)    Turns: 2001, Time: 00:07:31

Health: 0/34       AC:  3    Str: 11    XL:     4   Next: 37%
Magic:  7/7        EV:  9    Int: 16    God:
Gold:   109        SH:  7    Dex: 13    Spells: 7/7 levels left

rFire   . . .        a - +0 falchion
rCold   . . .        n - +0 kite shield
rNeg    . . .        b - +0 leather armour
rPois   .            (no helmet)
rElec   .            (no cloak)
rCorr   .            (no gloves)
SInv    .            (no boots)
Will    .....        (no amulet)
Stlth   +            o - ring of flight
HPRegen 0.25/turn    (no ring)
MPRegen 0.20/turn

%: no passive effects
@: flying, hasted, very quick
A: claws 1, magic regeneration
a: no special abilities


You were in a sewer.
You visited 1 branch of the dungeon, and saw 3 of its levels.
You also visited: Sewer.

You collected 109 gold pieces.

Inventory:

Hand Weapons
 a - a +0 falchion (weapon)
 j - a +0 dagger
Missiles
 d - 7 boomerangs of dispersal
 k - 10 poisoned darts (quivered)
Armour
 b - a +0 leather armour (worn)
 n - a +0 kite shield (worn)
 r - a +0 chain mail
Jewellery
 o - a ring of flight (left claw)
Scrolls
 c - a scroll of blinking
 f - 2 scrolls of magic mapping {unknown}
 g - 4 scrolls of identify {unknown}
 h - a scroll of amnesia {unknown}
 q - a scroll of acquirement {unknown}
Potions
 i - a potion of brilliance {unknown}
 l - a potion of mutation {unknown}
 m - a potion of heal wounds {unknown}
 p - a potion of flight {unknown}


   Skills:
 + Level 2.4 Fighting
 - Level 2.1 Long Blades
 - Level 0.8 Throwing
 + Level 1.7 Armour
 + Level 2.2 Dodging
 * Level 1.5 Shields
 * Level 0.3 Unarmed Combat
 - Level 2.0 Spellcasting
 - Level 3.2 Translocations


You had 7 spell levels left.
You didn't know any spells.
Your spell library contained the following spells:

 Spells                   Type           Power      Damage    Failure   Level
 Blink                    Tloc           22%        N/A       45%         2
 Lesser Beckoning         Tloc           22%        N/A       45%         2
 Teleport Other           Tloc           11%        N/A       71%         3
 Vhi's Electric Charge    Tloc/Air       12%        N/A       89%         3
 Manifold Assault         Tloc           11%        N/A       98%         4


Dungeon Overview and Level Annotations

Branches:
Dungeon (3/15)              Sewer (1/1)

Altars:


Innate Abilities, Weirdness & Mutations

You have sharp fingernails.
You regenerate magic rapidly.


Message History

Found a scroll labelled NIRCHY UD VUGG and a murky cyan potion.
Throw: 12 darts (poison)
Press: ? - help, Q - select action, (/) - cycle Shift-Dir - straight line, f - kobold brigand
Aim: a kobold brigand, wielding a +2 short sword of speed and quivering poisoned darts (50% to hit)
You throw a poisoned dart. The poisoned dart hits the kobold.
The kobold is poisoned.
Throw: 11 darts (poison)
Press: ? - help, Q - select action, (/) - cycle Shift-Dir - straight line, f/p - kobold brigand
Aim: a kobold brigand, wielding a +2 short sword of speed and quivering poisoned darts (50% to hit)
You throw a poisoned dart. The poisoned dart hits the kobold.
The kobold looks even sicker.
You hit the kobold but do no damage.
The kobold is moderately wounded.
The kobold brigand throws a poisoned dart.
The poisoned dart hits you!
You are poisoned.
You hit the kobold.
You kill the kobold!
You feel sick.
You kill the kobold!
Unknown command.
You closely miss the kobold brigand.
You feel sick. You block the kobold's attack.
The kobold brigand hits you with a +2 short sword of speed.
The kobold brigand misses you.
You closely miss the kobold brigand.
You feel sick. You block the kobold's attack.
The kobold brigand hits you with a +2 short sword of speed.
You block the kobold's attack.
The kobold brigand hits you with a +2 short sword of speed.
You closely miss the kobold brigand.
You feel sick.
You are no longer poisoned.
The kobold brigand hits you with a +2 short sword of speed!
* * * LOW HITPOINT WARNING * * *
You block the kobold's attack.
The kobold brigand hits you with a +2 short sword of speed.
* * * LOW HITPOINT WARNING * * *
It was a potion of haste.
You feel yourself speed up.
The kobold brigand hits you with a +2 short sword of speed.
You die...

### ### !.#.?
..... ≈
##...## ≈≈≈
..(.. ≈≈≈≈
.(.
≈≈≈≈###K##
≈≈≈≈≈~K@.##
≈≈≈≈≈≈....#
≈≈≈≈≈≈≈~...#
≈≈≈≈≈≈≈~...##
~≈≈≈≈≈≈~....#
≈≈≈≈≈~≈~....#
≈≈≈≈≈~~~....#
~≈≈≈≈≈~....##
#~≈≈≈~.....#


You could see a kobold brigand and a kobold.

Vanquished Creatures
  4 river rats
  An adder (D:3)
  A dart slug (D:1)
  3 endoplasms
  4 giant cockroaches
  2 goblins (D:1)
  2 hobgoblins (D:1)
  A jackal (D:2)
  7 kobolds
  2 quokkas
  8 ball pythons
  4 bats
  A frilled lizard (D:1)
  7 rats
47 creatures vanquished.

Notes
Turn   | Place    | Note
-------+----------+-------------------------------------------
     0 | D:1      | monsoonserge the Demonspawn Warper began the quest for the
                  | Orb.
     0 | D:1      | Reached XP level 1. HP: 16/16 MP: 3/3
   235 | D:1      | Reached skill level 3 in Translocations
   387 | D:1      | Gained mutation: You regenerate magic rapidly. [demonic
                  | ancestry]
   387 | D:1      | Reached XP level 2. HP: 22/22 MP: 5/5
   467 | D:1      | Found a faded altar of an unknown god.
   969 | D:2      | Reached skill level 1 in Armour
  1268 | D:2      | Gained mutation: You have sharp fingernails. [demonic
                  | ancestry]
  1268 | D:2      | Reached XP level 3. HP: 27/27 MP: 6/6
  1649 | D:3      | Found a glowing drain.
  1669 | D:3      | Reached skill level 1 in Shields
  1706 | Sewer    | Entered a sewer
  1751 | Sewer    | Reached XP level 4. HP: 12/34 MP: 7/7
  1993 | Sewer    | Noticed a kobold brigand
  2001 | Sewer    | Slain by a kobold brigand

Illustrated notes

Levels and vault maps discovered:
D:1:      nicolae_arrival_memento_mori, layout_basic,
          ebering_ecumenical_altar_rust
D:2:      layout_basic, minmay_pentomino_x2
D:3:      layout_loops_ring, nicolae_vehumet_altar_sigil, portal_sewer_entry_b,
          uniq_grinder
Sewer:    sewer_minmay_treatment

Skill      XL: |  1  2  3 |
---------------+----------+-----
Dodging        | 2 |  2.2
Translocations | 3 |  3.2
Long Blades    | 2 |  2.1
Armour         | 1 |  1.7
Shields        | 1 |  1.5
Fighting       | |  2.4
Throwing       | |  0.8
Unarmed Combat | |  0.3
Spellcasting   | |  2.0

Action                     |  1- 3 |  4- 6 || total
---------------------------+-------+-------++-------
  Melee: Falchion          |   136 |    34 ||   170
  Throw: Dart              |       |     3 ||     3
    Use: Potion            |     1 |     1 ||     2
 Armour: Leather armour    |    51 |     3 ||    54
  Dodge: Dodged            |    93 |    19 ||   112
  Block: Kite shield       |    45 |    13 ||    58
